 Dungeon Sprint DCSS version 0.17-a0-1805-g6093636 (webtiles) character file.

259 Kidiri the Covert (level 5, -4/24 HPs)
             Began as a Spriggan Enchanter on Sept 12, 2015.
             Splashed by a jelly's acid (6 damage)
             ... in the Dungeon (Sprint III: "The Ten Rune Challenge").
             The game lasted 00:05:09 (744 turns).

Kidiri the Covert (Spriggan Enchanter)               Turns: 744, Time: 00:05:10

Health: -4/24      AC: -4    Str:  2    XL:     5   Next: 95%
Magic:  17/17      EV: 25    Int: 16    God:
Gold:   15         SH:  0    Dex: 18    Spells: 5 memorised, 6 levels left

rFire  . . .     SeeInvis +     a - +1 dagger
rCold  . . .     Rnd*Rage +     b - +1 robe
rNeg   . . .     SustAt   .     (shield restricted)
rPois  .         Gourm    .     (helmet restricted)
rElec  .         Spirit   .     f - +0 cloak
rCorr  .         Warding  .     (gloves unavailable)
rMut   .         NoTele   +     (boots unavailable)
MR     .....                    (no amulet)
Stlth  +++++.....               (no ring)
                                (no ring)

@: corroded equipment, very quick, not resistant to hostile enchantments, quite
stealthy
A: unfitting armour, talons 1, see invisible, berserk 1, herbivore 3, speed 3,
high mp 1, slow metabolism 2, weak 1
a: no special abilities


You were in the Dungeon.
You were not hungry.

You visited 1 branch You collected 15 gold pieces.

Inventory:

Hand weapons
 a - a +1 dagger (weapon)
Armour
 b - a +1 robe (worn)
 f - a +0 cloak (worn)
Scrolls
 j - 2 scrolls of blinking
 k - a scroll of identify {unknown}
 n - a scroll of immolation
 o - a scroll of enchant armour {unknown}
 p - 2 scrolls of remove curse
 t - a scroll of enchant weapon {unknown}
Potions
 e - a potion of curing
 g - a potion of haste
 h - 2 potions of magic
 r - 3 potions of cure mutation
 s - a potion of flight {unknown}
 u - 2 potions of invisibility {unknown}
Comestibles
 d - a bread ration
 q - 2 royal jellies


   Skills:
 + Level 4.6 Short Blades
 * Level 8.8 Dodging
 * Level 10.1 Stealth
 * Level 7.4 Spellcasting
 + Level 6.1 Hexes
 + Level 2.8 Ice Magic


You had 6 spell levels left.
You knew the following spells:

 Your Spells              Type           Power        Failure   Level  Hunger
a - Corona                Hex            ####...      1%          1    None
b - Ensorcelled Hibernat  Hex/Ice        ###...       3%          2    None
c - Confuse               Hex            ####....     3%          3    ##.....
d - Tukima's Dance        Hex            ####....     3%          3    ##.....
e - Dazzling Spray        Conj/Hex       ###.....     12%         3    ##.....


Dungeon Overview and Level Annotations

Branches:
Dungeon (1/1)

Altars:


Innate Abilities, Weirdness & Mutations

You are tiny and cannot use many weapons and most armour.
You have supernaturally acute eyesight.
You are a herbivore.
You cover ground extremely quickly.
You need consume almost no food.
You have sharp toenails.
You tend to lose your temper in combat.
You have an increased reservoir of magic (+10% MP).
You are weak. (Str -2)


Message History

You hit the jelly.
Your hands burn!
You claw the jelly, but do no damage.
The jelly is lightly wounded.
The jelly misses you.
You hit the jelly.
Your hands burn!
You claw the jelly, but do no damage.
The jelly is moderately wounded.
The jelly misses you.
You hit the jelly. The acid corrodes you!
Your hands burn!
You claw the jelly, but do no damage.
The jelly is heavily wounded.
The jelly barely misses you.
You hit the jelly. The acid corrodes you!
Your hands burn!
Your kick misses the jelly.
The jelly is heavily wounded.
You hit the jelly but do no damage.
Your hands burn!
* * * LOW HITPOINT WARNING * * *
The jelly is heavily wounded.
The jelly hits you.
* * * LOW HITPOINT WARNING * * *
You are splashed with acid!
The acid corrodes you!
The acid burns!
You die...

♣♣ ♣.# .♣ ♣.#
.♣♣♣♣.###+#+###+##
..♣.♣.#..........#
≈♣.♣♣.'.⌠........#
≈≈≈...#...######'#
≈≈....#.⌠.# #...#
≈.....#...# #...#
......#+### #..@#
......# #..J+
......# +...#
▓▓▓▓▓▓▓ ▓▓▓▓▓


You could see a jelly.

Vanquished Creatures
  A shadow (D)
  A water elemental (D)
  A human (D)
  2 oozes (D)
  2 rats (D)
7 creatures vanquished.

Vanquished Creatures (collateral kills)
  Crazy Yiuf (D)
1 creature vanquished.

Vanquished Creatures (others)
  2 draconian scorchers (D)
  A yaktaur (D)
3 creatures vanquished.

Grand Total: 11 creatures vanquished

Notes
Turn   | Place    | Note
--------------------------------------------------------------
     0 | D        | Kidiri the Spriggan Enchanter began the quest for the Orb.
     0 | D        | Reached XP level 1. HP: 9/9 MP: 5/5
     4 | D        | Reached skill level 5 in Stealth
    13 | D        | Reached XP level 2. HP: 10/13 MP: 5/7
    88 | D        | Learned a level 2 spell: Ensorcelled Hibernation
   130 | D        | Reached skill level 5 in Dodging
   130 | D        | Reached skill level 6 in Stealth
   130 | D        | Reached XP level 3. HP: 16/16 MP: 3/9
   188 | D        | Learned a level 3 spell: Confuse
   192 | D        | Learned a level 3 spell: Tukima's Dance
   198 | D        | Noticed Crazy Yiuf
   213 | D        | Killed Crazy Yiuf
   213 | D        | Reached skill level 7 in Stealth
   213 | D        | Reached skill level 1 in Ice Magic
   238 | D        | Gained mutation: Your magical capacity is low (-10% MP). [potion of mutation]
   238 | D        | Lost mutation: Your magical capacity is low (-10% MP). [potion of mutation]
   238 | D        | Gained mutation: You have an increased reservoir of magic (+10% MP). [potion of mutation]
   239 | D        | Gained mutation: You are weak. (Str -2) [potion of mutation]
   239 | D        | Gained mutation: You have sharp toenails. [potion of mutation]
   239 | D        | Gained mutation: You tend to lose your temper in combat. [potion of mutation]
   283 | D        | Killed a white draconian scorcher
   304 | D        | Killed a yaktaur
   323 | D        | Noticed a water elemental
   325 | D        | Killed a water elemental
   325 | D        | Reached skill level 8 in Stealth
   325 | D        | Reached skill level 5 in Spellcasting
   325 | D        | Reached skill level 5 in Hexes
   325 | D        | Reached XP level 4. HP: 21/21 MP: 11/13
   330 | D        | Learned a level 3 spell: Dazzling Spray
   371 | D        | Noticed a jelly
   372 | D        | Noticed a shadow
   407 | D        | Killed a shadow
   407 | D        | Reached skill level 10 in Stealth
   407 | D        | Reached XP level 5. HP: 24/24 MP: 3/17
   464 | D        | Killed a white draconian scorcher
   744 | D        | Splashed by a jelly's acid

Vault maps used:
D:        dungeon_sprint_mu

Action                   |  1- 3 |  4- 6 || total
-------------------------+-------+-------++-------
Melee: Dagger            |    19 |    18 ||    37
 Cast: Ensorcelled Hiber |     2 |       ||     2
       Corona            |     2 |       ||     2
       Confuse           |     1 |       ||     1
       Tukima's Dance    |     1 |       ||     1
       Dazzling Spray    |       |     4 ||     4
  Use: Potion            |     3 |     1 ||     4
       Scroll            |     1 |       ||     1
 Stab: Sleeping          |     5 |       ||     5
       Petrifying        |     1 |       ||     1
